 Dungeon Crawl Stone Soup version 0.30-a0-715-gdb4ae3ece1 (webtiles) character file.

Game seed: 11716062439185712319

1959 mopl the Martial Artist (level 9, -11/69 HPs)
             Began as a Djinni Transmuter on Jan 23, 2023.
             Mangled by a gnoll sergeant
             ... wielding a +2 heavy trident
              (22 damage)
             ... on level 5 of the Dungeon.
             The game lasted 00:10:06 (5792 turns).

mopl the Martial Artist (Djinni Transmuter)         Turns: 5792, Time: 00:10:07

Health: -11/69     AC:  7    Str: 13    XL:     9   Next: 42%
Gold:   553        EV: 10    Int: 15    God:
                   SH:  0    Dex: 14

rFire   x . .      SeeInvis .      - Unarmed
rCold   + + +      Faith    .    (shield currently unavailable)
rNeg    . . .      Spirit   .    (body armour currently unavailable)
rPois   ∞          Reflect  .    (helmet currently unavailable)
rElec   .          Harm     .    (cloak currently unavailable)
rCorr   .          Rampage  .    (gloves currently unavailable)
Will    .....      Rnd*Tele +    (boots unavailable)
Stlth   +                        (no amulet)
HPRegen 0.31/turn                (no ring)
MPRegen 0.00/turn                (no ring)

@: ice-form, flying
A: freezing attack, flying, boosted hp, sickness immunity, large, (fire
resistance 2), (cold vulnerability 1), float, innate caster, HP casting, extra
vitality 1, teleportitis 1
a: End Transformation


You were on level 5 of the Dungeon.
You were a creature of crystalline ice.
You visited 1 branch of the dungeon, and saw 5 of its levels.
You also visited: Ossuary.

You collected 553 gold pieces.

Inventory:

Hand Weapons
 y - a +1 halberd of venom
Missiles
 r - 14 boomerangs
 t - 2 poisoned darts
Armour
 a - a +0 robe (melded)
 x - a +2 leather armour of positive energy
 A - a +1 cloak (melded)
 C - a +0 helmet (melded)
 D - a +2 leather armour of willpower
Magical Staves
 q - a staff of fire
Wands
 u - a wand of flame (23)
Scrolls
 d - a scroll of silence {unknown}
 h - 2 scrolls of vulnerability {unknown}
 i - 2 scrolls of poison {unknown}
 j - a scroll of blinking {unknown}
 n - 2 scrolls of teleportation {unknown}
 o - 3 scrolls of summoning {unknown}
 p - a scroll of noise {unknown}
 v - 2 scrolls of fear {unknown}
 z - a scroll of magic mapping {unknown}
 E - a scroll of enchant weapon {unknown}
 G - a scroll of enchant armour {unknown}
Potions
 b - a potion of lignification {!q}
 f - a potion of berserk rage {!q}
 g - a potion of resistance
 k - 2 potions of ambrosia {unknown}
 l - a potion of invisibility
 m - 2 potions of curing
 s - 4 potions of flight {unknown}
 w - 5 potions of might {unknown}
 B - 3 potions of attraction {unknown}
 F - a potion of experience {unknown}
 H - a potion of haste {unknown}


   Skills:
 + Level 1.8 Fighting
 + Level 2.9 Dodging
 * Level 9.9 Unarmed Combat
 + Level 5.2 Spellcasting


You couldn't memorise any spells.
You knew the following spells:

 Your Spells              Type           Power      Damage    Failure   Level
a - Beastly Appendage     Tmut           38%        N/A       1%          1
b - Spider Form           Tmut/Pois      19%        N/A       5%          3
c - Summon Small Mammal   Summ           76%        N/A       1%          1
d - Ice Form              Ice/Tmut       19%        N/A       19%         4
e - Poisonous Vapours     Pois/Air       38%        N/A       2%          2
f - Call Canine Familiar  Summ           19%        N/A       5%          3
g - Flame Wave            Conj/Fire      19%        2d7       19%         4
w - Wereblood             Tmut           19%        N/A       2%          2
Your spell library was empty.

Dungeon Overview and Level Annotations

Branches:
Dungeon (5/15)            Ossuary (visited)
 Temple: D:4-7

Altars:
Ashenzari
Cheibriados
Fedhas
Hepliaklqana
Qazlal


Innate Abilities, Weirdness & Mutations

You are a creature of crystalline ice.
You have a powerful freezing melee attack.
You are flying.
Your maximum health is increased.
Your armour is entirely melded.
You are incapable of wielding weapons or throwing items.
You are immune to sickness and miasma.
You are immune to poison.
((Your flesh is very heat resistant. (rF++)))
((You are vulnerable to cold. (rC-)))
You float through the air rather than walking.
You learn spells naturally, not from books.
Your magical power is your life essence.
You have superior vitality. (+4 MHP)
You are occasionally teleported next to monsters.


Message History

You feel much better. The water moccasin closely misses you.
The gnoll sergeant hits you from afar with a +2 heavy trident.
The water moccasin attacks as you move away!
The water moccasin barely misses you. The water moccasin bites you.
You punch the water moccasin! You freeze the water moccasin.
The water moccasin is severely wounded.
The water moccasin bites you.
You hit the water moccasin.
The water moccasin seems to slow down.
You freeze the water moccasin.
The water moccasin is almost dead.
The water moccasin bites you.
You hit the water moccasin. You freeze the water moccasin.
You kill the water moccasin!
You completely miss the ogre.
The ogre hits you with a +0 giant club!!
* * * LOW HITPOINT WARNING * * *
You feel much better.
The gnoll sergeant hits you from afar with a +2 heavy trident!
The ogre barely misses you.
You hit the ogre. You freeze the ogre.
The ogre is moderately wounded.
The gnoll sergeant hits you but does no damage.
You punch the ogre! You freeze the ogre.
The ogre is severely wounded.
The ogre misses you.
You hit the ogre. You freeze the ogre.
The ogre is almost dead.
The gnoll sergeant hits you from afar with a +2 heavy trident!
* * * LOW HITPOINT WARNING * * *
You punch the ogre! You freeze the ogre.
You kill the ogre!
The gnoll sergeant barely misses you.
Things that are here:
a +0 giant club; an ogre corpse; a water moccasin corpse You punch the gnoll sergeant!
You freeze the gnoll sergeant.
The gnoll sergeant is heavily wounded.
You hit the gnoll sergeant. You freeze the gnoll sergeant.
The gnoll sergeant is heavily wounded.
The gnoll sergeant hits you with a +2 heavy trident!!
You die...

............######## #.###
............#......# #....
........#####......# #.###
######### #......# #.# #......#
#.# #......# +# #.#
#..)w).###.### #.#
####g#'#.....####.# # ######
#Y#.O.g.....##.# ###
##....###.#.w..$....##.# ..##
##......##.#...$.$...##.#
#..####........'.#...$.$..)##.#
......'........#.#....$....##.#
.###..'........#.#.........##.#
.#.#.##........#†###.....####.#
...#.###......##...###.### #.#
##.....##....##......#### #.#


You could see a gnoll sergeant and a worm.

Vanquished Creatures
  Sigmund (D:2)
  A water moccasin (D:5)
  2 black bears
  5 ogres
  A scorpion (D:5)
  2 howler monkeys (D:3)
  4 centaur zombies (Ossuary)
  A gnoll bouda (D:3)
  2 jellies (D:5)
  4 hounds
  Crazy Yiuf (D:3)
  2 orc priests
  An iguana (D:4)
  2 orc wizards
  4 mummies (Ossuary)
  10 adders
  14 gnolls (D:3)
  A shadow imp (D:4)
  3 ufetubi
  2 worms
  33 orcs
  9 ball pythons
  9 endoplasms
  3 giant cockroaches
  11 goblins
  6 hobgoblins
  18 jackals
  5 quokkas
  2 bats
  5 frilled lizards
  3 hobgoblin zombies (Ossuary)
  4 kobolds
  9 rats
180 creatures vanquished.

Vanquished Creatures (others)
  An iguana (D:5)
  An adder (D:5)
  An ufetubus (D:5)
  An orc (D:5)
  A plant (D:3)
5 creatures vanquished.

Grand Total: 185 creatures vanquished

Notes
Turn   | Place    | Note
-------+----------+-------------------------------------------
     0 | D:1      | mopl the Djinni Transmuter began the quest for the Orb.
     0 | D:1      | mopl set off with the following spells memorised: Beastly
                  | Appendage, Wereblood, Spider Form, Ice Form.
     0 | D:1      | Reached XP level 1. HP: 17/17 MP: 0/0
    86 | D:1      | Reached XP level 2. HP: 12/22 MP: 0/0
   407 | D:1      | HP: 1/22 [quokka (3)]
   413 | D:1      | HP: 1/22 [kobold/+0 dagger (1)]
   528 | D:1      | Reached XP level 3. HP: 25/27 MP: 0/0
   528 | D:1      | Learned a level 1 spell: Summon Small Mammal
   579 | D:1      | Reached skill level 2 in Spellcasting
  1091 | D:2      | Found a faded altar of an unknown god.
  1153 | D:2      | Noticed Sigmund
  1163 | D:2      | Reached skill level 4 in Unarmed Combat
  1191 | D:2      | Killed Sigmund
  1192 | D:2      | Reached skill level 5 in Unarmed Combat
  1192 | D:2      | Reached XP level 4. HP: 7/32 MP: 0/0
  1192 | D:2      | Reached XP level 5. HP: 8/37 MP: 0/0
  1192 | D:2      | Learned a level 2 spell: Poisonous Vapours
  1321 | D:2      | Reached XP level 6. HP: 36/42 MP: 0/0
  2127 | D:3      | Found a stormy altar of Qazlal.
  2132 | D:3      | Reached skill level 3 in Spellcasting
  2132 | D:3      | Noticed an air elemental
  2133 | D:3      | Noticed a water elemental
  2133 | D:3      | Noticed a fire elemental
  2156 | D:3      | Found a blossoming altar of Fedhas.
  2300 | D:3      | Found a runed translucent door.
  2301 | D:3      | Noticed Crazy Yiuf
  2490 | D:3      | Reached skill level 6 in Unarmed Combat
  2574 | D:3      | Reached XP level 7. HP: 25/47 MP: 0/0
  2574 | D:3      | Learned a level 3 spell: Call Canine Familiar
  3055 | D:3      | Reached skill level 7 in Unarmed Combat
  3384 | D:3      | Reached XP level 8. HP: 41/52 MP: 0/0
  3705 | D:3      | Killed Crazy Yiuf
  3835 | D:4      | Reached skill level 4 in Spellcasting
  3966 | D:4      | Reached skill level 8 in Unarmed Combat
  4673 | D:4      | Found a hazy altar of Hepliaklqana.
  4864 | D:5      | Entered Level 5 of the Dungeon
  4881 | D:5      | Found a broken altar of Ashenzari.
  4999 | D:5      | Found a sand-covered staircase.
  5013 | Ossuary  | Entered an ossuary
  5108 | Ossuary  | Reached skill level 9 in Unarmed Combat
  5137 | Ossuary  | Reached XP level 9. HP: 57/57 MP: 0/0
  5137 | Ossuary  | Learned a level 4 spell: Flame Wave
  5470 | D:5      | Found a snail-covered altar of Cheibriados.
  5518 | D:5      | Reached skill level 5 in Spellcasting
  5630 | D:5      | Gained mutation: You are occasionally teleported next to
                  | monsters. [mutagenic glow]
  5792 | D:5      | Mangled by a gnoll sergeant

Illustrated notes

Levels and vault maps discovered:
D:1:      minmay_arrival_radiant_lines, layout_basic,
          wad_floor_pattern_untrapped, minmay_misc_feat_cross
D:2:      minmay_chambers_of_twos, layout_basic, serial_curves, eino_curves_02,
          eino_curves_01, nicolae_ecumenical_pavilion, uniq_sigmund
D:3:      lemuel_castle_with_subvaults [lemuel_castle_interior_carwin_3],
          layout_basic, mainiacjoe_overflow_small_starburst,
          nicolae_qazlal_style_of_elements, uniq_crazy_yiuf_cottage
D:4:      layout_gridville, lemuel_crystal_altar
D:5:      minmay_polygon_palace, layout_basic, ashenzari_altar_1,
          nicolae_sif_muna_condensation, mainiacjoe_overflow_alcove_1,
          serial_glass, glass_columns_a, glass_columns_a,
          chequers_ossuary_entry_cave, roderic_roman_lattice,
          lemuel_flamethrower_2

Skill      XL: |  1  2  3  4  5  6  7  8  9 |
---------------+----------------------------+-----
Spellcasting   | 2 3 4 5 |  5.2
Unarmed Combat | 5 6 7 9 |  9.9
Fighting       | |  1.8
Dodging        | |  2.9

Action                     |  1- 3 |  4- 6 |  7- 9 || total
---------------------------+-------+-------+-------++-------
  Melee: Unarmed           |    92 |   159 |   279 ||   530
         Headbutt          |    14 |    14 |     3 ||    31
         Punch             |     4 |     1 |     2 ||     7
   Cast: Beastly Appendage |    11 |    16 |       ||    27
         Spider Form       |     1 |     2 |    27 ||    30
         Ice Form          |       |       |     5 ||     5
Ability: End Transformatio |       |       |     1 ||     1
  Evoke: Wand              |       |       |     4 ||     4
    Use: Scroll            |       |       |     5 ||     5
         Potion            |       |       |     2 ||     2
   Stab: Sleeping          |     1 |     5 |       ||     6
 Armour: Robe              |    20 |    30 |    15 ||    65
         Skin              |       |     1 |    34 ||    35
  Dodge: Dodged            |    63 |   111 |   185 ||   359

Table legend: (Time is in decaauts)
 A = Elapsed time spent in this place.
 B = Non-inter-level travel time spent in this place.
 C = Inter-level travel time spent in this place.
 D = Time resting spent in this place.
 E = Time spent auto-exploring this place.
 F = Levels seen in this place.
 G = Mean time per level.
                   A        B        C        D        E       F      G
               +--------+--------+--------+--------+--------+-----+--------+
         Total |   5726 |   5633 |     93 |   1443 |   2737 |   6 |  954.3 |
       Dungeon |   5488 |   5395 |     93 |   1298 |   2737 |   5 | 1097.6 |
       Ossuary |    238 |    238 |      0 |    145 |      0 |   1 |  238.0 |
               +--------+--------+--------+--------+--------+-----+--------+

Top non-repeatable levels by time:
     D:3: 1736 daAuts
     D:1: 1085 daAuts
     D:4: 1082 daAuts
     D:2: 911 daAuts
     D:5: 673 daAuts
 Ossuary: 238 daAuts
